 Dungeon Crawl Stone Soup version 0.28.0-53-g5a82cb258f (webtiles) character file.

Game seed: 2268828523388210627

1435 cbfl8 the Cleaver (level 8, -5/70 HPs)
             Began as a Minotaur Berserker on Nov 16, 2022.
             Was a Priest of Trog.
             Killed from afar by an electric eel (9 damage)
             ... with a bolt of electricity
             ... on level 6 of the Dungeon.
             The game lasted 00:05:01 (5314 turns).

cbfl8 the Cleaver (Minotaur Berserker)              Turns: 5314, Time: 00:05:01

Health: -5/70      AC: 12    Str: 32    XL:     8   Next: 45%
Magic:  7/7        EV: 10    Int: 10    God:    Trog [***...]
Gold:   215        SH:  0    Dex: 12    Spells: 7/7 levels left

rFire   + . .      SeeInvis .   p - +7 hand axe of Qamuimok {spect, rPois rF+ rC- Str+10}
rCold   x . .      Faith    +   (no shield)
rNeg    . . .      Spirit   .   u - +0 chain mail
rPois   +          Reflect  .   (helmet restricted)
rElec   .          Harm     .   s - +0 cloak
rCorr   .          Rampage  .   (no gloves)
Will    .....                   a - +1 pair of boots {Fly}
Stlth   ..........              A - amulet of faith
HPRegen 0.21/turn               l - +6 ring of intelligence
MPRegen 0.10/turn               (no ring)

@: about to teleport, flying
A: horns 2, retaliatory headbutt
a: Renounce Religion, Berserk, Trog's Hand


You were on level 6 of the Dungeon.
You worshipped Trog.
Trog was most pleased with you.
You visited 1 branch of the dungeon, and saw 6 of its levels.

You collected 280 gold pieces.
You spent 65 gold pieces at shops.

Inventory:

Hand Weapons
 i - a +0 war axe
 p - the +7 hand axe of Qamuimok (weapon) {spect, rPois rF+ rC- Str+10}
   (You found it on level 3 of the Dungeon)

   When its wielder attacks, the weapon's spirit leaps out and strikes again.
   The spirit shares a part of any damage it takes with its wielder.
   Str:       It affects your strength (+10).
   rF:        It protects you from fire.
   rC:        It makes you vulnerable to cold.
   rPois:     It protects you from poison.
Armour
 a - a +1 pair of boots of flying (worn)
 s - a +0 cloak (worn)
 u - a +0 chain mail (worn)
Jewellery
 l - a +6 ring of intelligence (left hand)
 A - an amulet of faith (around neck)
Wands
 o - a wand of polymorph (6)
 w - a wand of flame (6)
 z - a wand of paralysis (9)
Scrolls
 c - 2 scrolls of fear {unknown}
 d - 2 scrolls of noise {unknown}
 e - a scroll of blinking {unknown}
 f - 3 scrolls of teleportation
 h - 3 scrolls of brand weapon
 j - 2 scrolls of immolation
 k - a scroll of enchant armour {unknown}
 n - a scroll of amnesia {unknown}
 q - a scroll of torment {unknown}
 r - a scroll of silence {unknown}
 y - a scroll of enchant weapon {unknown}
Potions
 b - a potion of brilliance {unknown}
 g - a potion of mutation {unknown}
 m - 2 potions of magic {unknown}
 t - a potion of flight {unknown}
 v - a potion of degeneration {unknown}
 x - a potion of heal wounds {unknown}
 B - a potion of curing {unknown}


   Skills:
 * Level 6.1 Fighting
 * Level 10.0 Axes
 + Level 3.6 Armour
 * Level 4.3 Dodging
 + Level 0.7 Stealth
 * Level 3.0 Evocations


You had 7 spell levels left.
You didn't know any spells.
Your spell library was empty.

Dungeon Overview and Level Annotations

Branches:
Dungeon (6/15)
 Temple: D:4-7

Altars:

Shops:
D:3 ?


Innate Abilities, Weirdness & Mutations

You have a pair of horns on your head.
You reflexively headbutt those who attack you in melee.


Message History

You are too injured to fight recklessly!
You are too injured to fight recklessly!
You closely miss the electric eel.
The electric eel is moderately wounded.
Your +7 hand axe of Qamuimok {spect, rPois rF+ rC- Str+10} hits the electric eel!
You miss the electric eel.
The electric eel is almost dead.
Your +7 hand axe of Qamuimok {spect, rPois rF+ rC- Str+10} barely misses the electric eel.
The electric eel shoots out a bolt of lightning at you!
The bolt of electricity misses you. The bolt of electricity hits you!
The bolt of electricity hits the electric eel.
The electric eel completely resists.
The bolt of electricity hits your +7 hand axe of Qamuimok {spect, rPois rF+ rC- Str+10}.
Your +7 hand axe of Qamuimok {spect, rPois rF+ rC- Str+10} resists.
The dart slug launches a dart at you. The slug dart hits you.
As you read the scroll of teleportation, it crumbles to dust.
You feel strangely unstable.
The electric eel shoots out a bolt of lightning at you!
The bolt of electricity hits you!
* * * LOW HITPOINT WARNING * * *
The bolt of electricity misses you.
The electric eel shoots out a bolt of lightning at you!
The bolt of electricity misses you. The bolt of electricity hits you!
* * * LOW HITPOINT WARNING * * *
The bolt of electricity hits the electric eel.
The electric eel completely resists.
The electric eel shoots out a bolt of lightning at you!
The bolt of electricity hits you.
* * * LOW HITPOINT WARNING * * *
The bolt of electricity hits you.
* * * LOW HITPOINT WARNING * * *
The bolt of electricity hits the electric eel.
The electric eel completely resists.
The electric eel shoots out a bolt of lightning at you!
The bolt of electricity misses the electric eel.
The bolt of electricity misses you.
The electric eel shoots out a bolt of lightning at you!
The bolt of electricity hits you!
You die...

#.# #.##### ###.# #.#
....#######.## .≈≈?.........#
..w≈≈≈≈≈≈≈.##.###..#
.#≈≈≈≈#≈≈≈≈≈≈#.###..#
.≈≈#≈≈...≈≈≈≈≈.. #..#
.≈≈≈≈≈..≈$#≈≈≈w# #..#
≈≈#≈≈≈≈$≈≈≈≈≈≈@###.)########.#
≈≈≈≈≈≈≈.≈≈≈≈≈≈≈≈##..##.......#
≈≈≈≈≈≈...≈≈≈≈S≈≈#.(.)))......#
#≈/<.≈≈≈≈≈≈.....)#.......#
≈≈≈≈≈#.$.≈≈≈≈≈≈≈.....#........
≈≈≈ #S!≈≈#S≈#≈≈.....#.......#
≈ ≈≈S.⌠w≈≈≈≈≈.(#.###.......#
#≈≈≈...≈≈≈≈≈...#.# #.......#
≈≈≈≈≈≈..≈≈≈≈≈#..#.# #######..


You could see 2 electric eels and 2 dart slugs.

Vanquished Creatures
  Eustachio (D:5)
  Duvessa (D:5)
  An ogre (D:5)
  A kobold brigand (D:6)
  6 scorpions
  Dowan (D:5)
  A wyvern skeleton (D:5)
  3 hounds
  A jelly (D:5)
  2 orc priests (D:3)
  2 bullfrog skeletons (D:5)
  2 iguanas
  Natasha (thrice) (D:3)
  An orc wizard (D:5)
  A hound skeleton (D:5)
  Robin (D:3)
  3 gnolls (D:5)
  5 adders
  A howler monkey skeleton (D:4)
  A white imp (D:6)
  An adder skeleton (D:4)
  3 dart slugs
  10 orcs
  6 ball pythons
  9 endoplasms
  2 giant cockroaches
  11 goblins
  8 hobgoblins
  5 quokkas
  A bat (D:3)
  2 frilled lizards (D:3)
  11 kobolds
  4 rats
111 creatures vanquished.

Notes
Turn   | Place    | Note
-------+----------+-------------------------------------------
     0 | D:1      | cbfl8 the Minotaur Berserker began the quest for the Orb.
     0 | D:1      | Reached XP level 1. HP: 19/19 MP: 0/0
   351 | D:1      | Reached skill level 4 in Axes
   351 | D:1      | Reached XP level 2. HP: 27/27 MP: 1/1
   414 | D:1      | Found a faded altar of an unknown god.
  1602 | D:3      | Found Mokhluoti's Magic Scroll Boutique.
  1646 | D:3      | Bought a scroll of teleportation for 39 gold pieces
  1706 | D:3      | Noticed Natasha
  1707 | D:3      | Noticed Robin
  1710 | D:3      | Noticed a crimson imp
  1712 | D:3      | Reached XP level 3. HP: 33/33 MP: 2/2
  1712 | D:3      | Killed Natasha
  1715 | D:3      | Reached ** piety under Trog
  1718 | D:3      | Killed Robin
  1719 | D:3      | Reached XP level 4. HP: 41/41 MP: 3/3
  1722 | D:3      | Noticed Natasha
  1728 | D:3      | Killed Natasha
  1735 | D:3      | Reached skill level 5 in Axes
  1837 | D:3      | Noticed Natasha
  1849 | D:3      | Killed Natasha
  1850 | D:3      | Reached skill level 1 in Evocations
  1850 | D:3      | Reached XP level 5. HP: 35/47 MP: 4/4
  2015 | D:3      | Bought a scroll of identify for 26 gold pieces
  2380 | D:3      | Identified the +7 hand axe of Qamuimok {spect, rPois rF+
                  | rC- Str+10}
  2497 | D:3      | Reached skill level 6 in Axes
  2497 | D:3      | Reached XP level 6. HP: 40/55 MP: 5/5
  2618 | D:3      | Reached skill level 5 in Fighting
  3121 | D:4      | Reached skill level 7 in Axes
  3141 | D:4      | Reached *** piety under Trog
  3172 | D:4      | Reached XP level 7. HP: 61/61 MP: 6/6
  3415 | D:5      | Entered Level 5 of the Dungeon
  3540 | D:5      | Noticed Duvessa
  3540 | D:5      | Noticed Dowan
  3554 | D:5      | Killed Duvessa
  3555 | D:5      | Reached skill level 8 in Axes
  3561 | D:5      | Killed Dowan
  4119 | D:5      | Reached skill level 9 in Axes
  4119 | D:5      | Reached XP level 8. HP: 70/70 MP: 7/7
  4467 | D:5      | Noticed Eustachio
  4469 | D:5      | Killed Eustachio
  5287 | D:6      | Reached skill level 10 in Axes
  5314 | D:6      | Killed from afar by an electric eel

Illustrated notes

Levels and vault maps discovered:
D:1:      roderic_chinese_lattice_arrival, layout_rooms,
          ebering_ecumenical_altar_sacrificial, chequers_serial_rivers_marsh,
          minmay_misc_feat_alley, roderic_serpentine_path, fountainhead,
          st_stairs_14
D:2:      layout_basic
D:3:      layout_rooms, serial_shops, nicolae_square_shop, minmay_crystal_room,
          uniq_natasha, uniq_robin
D:4:      layout_basic, mrwooster_statue_mirror, hangedman_abyss_or_decor_stabs
D:5:      layout_basic, uniq_duvessa, uniq_eustachio
D:6:      kennysheep_slugbush, layout_loops_ring, kennysheep_potato

Skill      XL: |  1  2  3  4  5  6  7  8 |
---------------+-------------------------+-----
Axes           | 4 5 6 7 9 10 | 10.0
Fighting       | 4 5 6 |  6.1
Dodging        | 3 4 |  4.3
Evocations     | 1 2 3 |  3.0
Armour         | 3 |  3.6
Stealth        | |  0.7

Action                   |  1- 3 |  4- 6 |  7- 9 || total
-------------------------+-------+-------+-------++-------
Melee: Hand axe          |    16 |    35 |    75 ||   126
       Headbutt          |     9 |    10 |    11 ||    30
       War axe           |    33 |    21 |       ||    54
       Punch             |     2 |       |     1 ||     3
       Unarmed           |       |     7 |       ||     7
Invok: Berserk           |     1 |       |       ||     1
  Use: Scroll            |       |     2 |     1 ||     3
 Stab: Sleeping          |     1 |       |       ||     1
Armor: Animal skin       |     7 |     1 |       ||     8
       Ring mail         |       |     7 |       ||     7
       Chain mail        |       |       |    31 ||    31
Dodge: Dodged            |    23 |    36 |    30 ||    89
